 Dungeon Crawl Stone Soup version 0.31-a0-659-gc5a091b79a (webtiles) character file.

Game seed: 9845232613286082121

145835 eneti the Peltast (level 16, -2/155 HPs)
             Began as a Minotaur Fighter on Aug 31, 2023.
             Was the Champion of Okawaru.
             Slain by a shock serpent (13 damage)
             ... on level 2 of the Snake Pit.
             The game lasted 00:46:30 (25038 turns).

eneti the Peltast (Minotaur Fighter)               Turns: 25038, Time: 00:46:31

Health: -2/155     AC: 39    Str: 33    XL:     16   Next: 88%
Magic:  15/15      EV: 34    Int:  6    God:    Okawaru [******]
Gold:   1934       SH:  9    Dex: 18    Spells: 15/15 levels left

rFire   . . .        w - +2 broad axe (flame)
rCold   . . .        c - +0 buckler
rNeg    . . .        E - +8 chain mail of Going Fast {Will+ Dex+3}
rPois   .            D - +0 hat of the Morning Star {Int+2}
rElec   .            s - +2 cloak
rCorr   .            x - +2 pair of gloves
SInv    .            m - +2 pair of boots
Will    ++...        y - amulet of the acrobat Stlth
                     l - +4 ring of protection
HPRegen 0.45/turn    p - +6 ring of strength
MPRegen 0.14/turn

%: acrobat
@: acrobatic, studying Unarmed Combat
A: horns 2, retaliatory headbutt, iridescent scales 1, agile 1
a: Renounce Religion, Heroism, Finesse, Duel


You were on level 2 of the Snake Pit.
You worshipped Okawaru.
Okawaru was exalted by your worship.
You visited 5 branches of the dungeon, and saw 25 of its levels.
You visited the Abyss 1 time.

You collected 3628 gold pieces.
You spent 1694 gold pieces at shops.

Inventory:

Hand Weapons
 a - a +4 war axe of protection
 d - a +2 broad axe of draining
 w - a +2 broad axe of flaming (weapon)
Missiles
 r - 6 throwing nets
Armour
 c - a +0 buckler (worn)
 f - an orb of wrath
 k - a +3 scale mail of fire resistance
 m - a +2 pair of boots (worn)
 s - a +2 cloak (worn)
 x - a +2 pair of gloves (worn)
 D - the +0 hat of the Morning Star (worn) {Int+2}
   (Okawaru gifted it to you on level 12 of the Dungeon)

   Int+2:     It affects your intelligence (+2).
 E - the +8 chain mail of Going Fast (worn) {Will+ Dex+3}
   (Okawaru gifted it to you on level 14 of the Dungeon)

   Dex+3:     It affects your dexterity (+3).
   Will+:     It increases your willpower.
Jewellery
 g - a ring of protection from fire
 l - a +4 ring of protection (left hand)
 o - a +6 ring of intelligence
 p - a +6 ring of strength (right hand)
 t - a +5 ring of evasion
 y - an amulet of the acrobat (around neck)
 V - a ring of protection from cold
Wands
 u - a wand of flame (53)
 v - a wand of iceblast (34)
 z - a wand of digging (7)
 C - a wand of mindburst (4)
 H - a wand of quicksilver (16)
 O - a wand of polymorph (8)
 U - a wand of paralysis (6)
Scrolls
 b - 2 scrolls of blinking
 j - 7 scrolls of teleportation
 n - 4 scrolls of revelation
 q - 2 scrolls of fear
 F - 2 scrolls of silence
 K - 3 scrolls of torment
 N - 2 scrolls of enchant armour
 S - a scroll of vulnerability
Potions
 e - 6 potions of heal wounds
 h - 6 potions of resistance
 i - 4 potions of attraction
 B - 3 potions of curing
 G - 2 potions of haste
 I - a potion of might
 J - a potion of magic
 L - 6 potions of ambrosia
 M - 2 potions of berserk rage
 P - a potion of cancellation
 Q - 4 potions of invisibility
 R - 2 potions of enlightenment
 T - a potion of mutation
Miscellaneous
 A - a condenser vane


   Skills:
 + Level 17.0 Fighting
 + Level 16.8 Axes
 + Level 17.0 Armour
 + Level 15.3 Dodging
 + Level 17.0 Shields


You had 15 spell levels left.
You didn't know any spells.
Your spell library contained the following spells:

 Spells                   Type           Power      Damage    Failure   Level
 Apportation              Tloc           0%         N/A       77%         1
 Magic Dart               Conj           0%         1d3       77%         1
 Necrotise                Necr           0%         1d4       77%         1
 Ensorcelled Hibernation  Hex/Ice        0%         N/A       88%         2
 Lesser Beckoning         Tloc           0%         N/A       88%         2
 Scorch                   Fire           0%         2d5       88%         2
 Searing Ray              Conj           0%         2d4       88%         2
 Dazzling Flash           Conj/Hex       0%         N/A       98%         3
 Frozen Ramparts          Ice            0%         1d1       98%         3
 Gell's Gravitas          Tloc           0%         N/A       98%         3
 Teleport Other           Tloc           0%         N/A       98%         3
 Volatile Blastmotes      Fire/Tloc      0%         2d10      98%         3
 Anguish                  Hex/Necr       0%         N/A       100%        4
 Flame Wave               Conj/Fire      0%         2d4       100%        4
 Fulminant Prism          Conj/Hex       0%         3d5       100%        4
 Petrify                  Tmut/Erth      0%         N/A       100%        4
 Agony                    Necr           0%         N/A       100%        5
 Metabolic Englaciation   Hex/Ice        0%         N/A       100%        5
 Silence                  Hex/Air        0%         N/A       100%        5
 Starburst                Conj/Fire      0%         6d3       100%        6
 Orb of Destruction       Conj           0%         9d5       100%        7
 Maxwell's Capacitive Co  Air            0%         ∞         100%        8
 Summon Small Mammal      Summ           Unusable   N/A       N/A         1
 Summon Guardian Golem    Hex/Summ       Unusable   N/A       N/A         3
 Summon Cactus Giant      Summ           Unusable   N/A       N/A         6
 Spellforged Servitor     Conj/Summ      Unusable   N/A       N/A         7

Dungeon Overview and Level Annotations

Branches:
Dungeon (15/15)            Temple (1/1) D:6            Lair (5/5) D:9
 Shoals (0/4) Lair:3        Snake (2/4) Lair:2        Slime (0/5) Lair:5
    Orc (2/2) D:9             Elf (0/3) Orc:2        Vaults (0/5) D:13
 Depths (0/4) D:15

Altars:
Ashenzari
Cheibriados
Dithmenos
Elyvilon
Fedhas
Gozag
Hepliaklqana
Kikubaaqudgha
Makhleb
Nemelex Xobeh
Okawaru
Qazlal
Ru
Sif Muna
Trog
Uskayaw
Vehumet
Wu Jian
Xom
Yredelemnul
Zin
The Shining One
Jiyva

Shops:
D:2 (:[   D:10 !   D:13 *   Orc:2 *[*!

Portals:
Bazaar: Snake:2
Trove: D:15 (give 2 scrolls of acquirement)

Annotations:
D:8 2 transporters, leebro123's ghost, novice TrGl
D:10 2 transporters
Temple 4 transporters


Innate Abilities, Weirdness & Mutations

You have a pair of horns on your head.
You reflexively headbutt those who attack you in melee.
You are partially covered in iridescent scales. (AC +2)
You are agile. (Dex +4, Str/Int -1)


Message History

The black mamba attacks as it pursues you!
The black mamba completely misses you. You furiously retaliate!
You headbutt the black mamba.
The naga sharpshooter shoots an arrow.
The arrow completely misses you.
Unknown command.
You feel sick.
The naga sharpshooter mumbles some strange words.
The naga sharpshooter magically shoots an arrow.
The arrow hits you.
* * * LOW HITPOINT WARNING * * *
The arrow freezes you.
* * * LOW HITPOINT WARNING * * *
You feel sick.
The shock serpent attacks as it pursues you!
The shock serpent completely misses you.
You furiously retaliate!
You headbutt the shock serpent!!
The shock serpent's electric aura discharges, shocking you!
* * * LOW HITPOINT WARNING * * *
The naga closely misses you. The anaconda completely misses you.
You furiously retaliate!
You headbutt the anaconda. The anaconda completely misses you.
The naga sharpshooter shoots an arrow.
You block the arrow.
You feel sick. The shock serpent closely misses you. You furiously retaliate!
You headbutt the shock serpent!
The shock serpent's electric aura discharges, shocking you!
You block the anaconda's attack. The anaconda bites you.
* * * LOW HITPOINT WARNING * * *
The naga sharpshooter casts a spell.
The naga sharpshooter magically shoots an arrow.
The arrow hits you!
* * * LOW HITPOINT WARNING * * *
The arrow freezes you.
* * * LOW HITPOINT WARNING * * *
Unknown command.
You feel sick.
You are no longer poisoned.
The shock serpent bites you.
* * * LOW HITPOINT WARNING * * *
The shock serpent shocks you!
You die...

* *,,,,*****,,,,,,,,,,,,,,,,,,*
* *,,,,,,,,,,##,*....,,,,,,,,,*
* #......#####......,,,,,,,,,,*
* #.................,,,********
####............##.#*****
..#.............#..##
..............N.....#
..........$......∩#,*
..............NS@.#.###********
....N.......N.SS........,,,,,,*
#.#.....................,,,,,,*
8.#..............###.###,,,,,,*
..###...........##,,,..**,,,,,*
..NN##.........##,,,*,..**,,,,*
.....##...##.###,,,,,,,.,**,,,*
.....N##...#.#*,,,,,∩,,,,,**,,*
..##..,##....#,,,,,,,,,,,,,*,,*


You could see a naga sharpshooter, a salamander, an anaconda, a shock serpent, a
black mamba and a naga.

Vanquished Creatures
  Saint Roka (Orc:2)
  A tentacled starspawn (Abyss:2)
  Kirke (D:15)
  A juggernaut zombie (D:15)
  A juggernaut skeleton (D:15)
  Nessos (D:13)
  The ghost of MrShunz the Covert, a journeyman VSBr of Uskayaw (Lair:3)
  Josephine (D:12)
  A vault guard (D:13)
  6 hydras
  4 ogre magi (Orc:2)
  2 catoblepae
  18 two-headed ogres
  4 centaur warriors
  A merfolk avatar (Lair:5)
  A death knight (D:13)
  8 anacondas
  3 naga warriors
  10 death yaks
  4 boulder beetles
  A shock serpent (Snake:1)
  Urug (Orc:2)
  11 naga sharpshooters
  3 skeletal warriors
  4 skysharks
  A salamander mystic (Snake:2)
  4 sea snakes
  Lodul (D:13)
  2 naga ritualists (Snake:1)
  A flayed ghost (D:15)
  A wizard (D:15)
  2 harpies (Lair:5)
  A phantasmal warrior (D:13)
  A necromancer (D:15)
  3 orc knights
  A deep elf pyromancer (D:12)
  An orc sorcerer (Orc:2)
  17 ugly things
  6 salamanders
  A wolf spider (D:15)
  3 mana vipers
  9 cyclopes
  An iron dragon skeleton (D:15)
  8 elephants
  A merfolk siren (Lair:3)
  5 manticores
  An apocalypse crab (Abyss:3)
  Maurice (D:13)
  An ice statue (D:14)
  21 black mambas
  9 naga magi
  A guardian serpent (Snake:2)
  A gargoyle (D:11)
  9 cane toads
  15 komodo dragons
  8 rime drakes
  A rime drake (shapeshifter) (D:13)
  A kobold demonologist (D:11)
  Psyche (D:12)
  2 freezing wraiths (D:13)
  An unseen horror (D:12)
  3 tengu conjurers
  An efreet (D:10)
  9 trolls
  A queen bee (shapeshifter) (D:13)
  A wolf spider simulacrum (D:15)
  3 hornets
  3 meliai (D:15)
  A queen bee (Lair:2)
  2 polar bears
  A hellwing (Abyss:3)
  A meliai (shapeshifter) (D:14)
  A spriggan zombie (D:15)
  2 raiju (Abyss:2)
  A wind drake (Lair:5)
  2 snapping turtles (Lair:5)
  20 slime creatures
  8 blink frogs (Lair:3)
  A centaur simulacrum (D:15)
  A jumping spider (shapeshifter) (D:13)
  2 shadows
  11 wyverns
  A large abomination (Abyss:3)
  6 basilisks
  10 wraiths
  4 hogs (D:15)
  40 yaks
  Eustachio (D:5)
  3 steam dragons
  3 vampire mosquitoes
  3 wargs
  Menkaure (D:5)
  20 nagas
  6 acid dragons
  13 water moccasins
  5 hell hounds (Abyss:3)
  3 sky beasts
  23 orc warriors
  4 black bears
  14 wolves
  40 ogres
  10 centaurs
  6 kobold brigands
  18 bullfrogs
  A gnoll sergeant (D:10)
  2 scorpions
  A small abomination (Abyss:2)
  36 killer bees
  2 electric eels (Snake:1)
  10 howler monkeys
  A quasit (Abyss:2)
  A hound (D:7)
  6 jellies
  A gnoll bouda (D:10)
  12 orc priests
  3 sleepcaps
  6 iguanas
  2 hell rats (Lair:1)
  21 orc wizards
  5 gnolls
  5 adders
  10 river rats (Lair:1)
  A shadow imp (D:5)
  3 white imps
  An ufetubus (D:4)
  3 worms
  2 dart slugs (D:3)
  92 orcs
  6 bats
  4 endoplasms
  4 giant cockroaches
  12 goblins
  7 hobgoblins
  5 jackals
  4 quokkas
  7 ball pythons
  5 frilled lizards
  21 kobolds
  9 rats
853 creatures vanquished.

Vanquished Creatures (others)
  A wizard (D:10)
  A vampire (D:10)
  A human (D:8)
  A starspawn tentacle (Abyss:2)
4 creatures vanquished.

Grand Total: 857 creatures vanquished

Notes
Turn   | Place    | Note
-------+----------+-------------------------------------------
     0 | D:1      | eneti the Minotaur Fighter began the quest for the Orb.
     0 | D:1      | Reached XP level 1. HP: 19/19 MP: 0/0
   172 | D:1      | Reached XP level 2. HP: 27/27 MP: 1/1
   276 | D:1      | Reached skill level 1 in Dodging
   355 | D:1      | Reached XP level 3. HP: 26/33 MP: 2/2
   908 | D:2      | Found Ykkumerch's Book Shop.
   947 | D:2      | Found Leru's Armour Shop.
   968 | D:2      | Reached XP level 4. HP: 40/40 MP: 3/3
  1245 | D:2      | Found Vixiro's Antique Weapon Shop.
  1450 | D:3      | Found a shadowy altar of Dithmenos.
  2306 | D:4      | Noticed a black bear
  2312 | D:4      | Killed a black bear
  2313 | D:4      | Reached XP level 5. HP: 38/47 MP: 4/4
  2724 | D:4      | Reached XP level 6. HP: 55/55 MP: 5/5
  2967 | D:4      | Reached skill level 5 in Fighting
  3244 | D:5      | Entered Level 5 of the Dungeon
  3251 | D:5      | Noticed Menkaure
  3258 | D:5      | Reached skill level 5 in Armour
  3258 | D:5      | Reached skill level 5 in Shields
  3260 | D:5      | Killed Menkaure
  3261 | D:5      | Reached XP level 7. HP: 46/61 MP: 6/6
  3359 | D:5      | Found a broken altar of Ashenzari.
  3372 | D:5      | Reached skill level 5 in Axes
  3513 | D:5      | Found a sacrificial altar of Ru.
  3568 | D:5      | Noticed Eustachio
  3592 | D:5      | Killed Eustachio
  3738 | D:5      | Reached XP level 8. HP: 26/70 MP: 7/7
  3966 | D:5      | Found a glowing golden altar of the Shining One.
  4113 | D:6      | Found a staircase to the Ecumenical Temple.
  4126 | Temple   | Found a transporter.
  4126 | Temple   | Found a transporter.
  4126 | Temple   | Found a transporter.
  4126 | Temple   | Found a transporter.
  4126 | Temple   | Entered the Ecumenical Temple
  4409 | D:6      | You fall into a shaft and drop 1 floor!
  4414 | D:7      | Found a shimmering altar of Xom.
  5167 | D:6      | Found an iron altar of Okawaru.
  5196 | D:6      | Became a worshipper of Warmaster Okawaru
  5240 | D:7      | Reached skill level 5 in Dodging
  5820 | D:8      | Reached XP level 9. HP: 75/79 MP: 8/8
  5841 | D:8      | Reached * piety under Okawaru
  5890 | D:8      | Found an ancient bone altar of Kikubaaqudgha.
  6163 | D:8      | Found a transporter.
  6166 | D:8      | Noticed a moth of wrath
  6171 | D:8      | Noticed a two-headed ogre
  6173 | D:8      | Found a bloodstained altar of Trog.
  6186 | D:8      | Found a transporter.
  6187 | D:8      | Noticed leebro123's ghost (novice TrGl)
  6299 | D:8      | Reached ** piety under Okawaru
  6369 | D:8      | Noticed a komodo dragon
  6384 | D:8      | Killed a komodo dragon
  6742 | D:8      | Reached XP level 10. HP: 82/90 MP: 9/9
  6944 | D:8      | Reached *** piety under Okawaru
  7024 | D:9      | Found a staircase to the Lair.
  7476 | D:8      | Reached **** piety under Okawaru
  8004 | D:9      | Found a staircase to the Orcish Mines.
  8187 | D:10     | Entered Level 10 of the Dungeon
  8297 | D:10     | Paralysed by a hornet for 1 turns
  8301 | D:10     | Noticed a wizard
  8323 | Abyss:2  | Cast into level 2 of the Abyss (a wizard)
  8341 | Abyss:2  | Found a corrupted altar of Lugonu.
  8362 | Abyss:2  | Noticed a tentacled starspawn
  8380 | Abyss:2  | Killed a tentacled starspawn
  8380 | Abyss:2  | Reached ***** piety under Okawaru
  8380 | Abyss:2  | Identified the +0 pair of boots of Disguise {-Tele Rampage
                  | rElec} (Okawaru gifted it to you on level 2 of the Abyss)
  8380 | Abyss:2  | Received a gift from Okawaru
  8381 | Abyss:2  | Reached XP level 11. HP: 36/99 MP: 10/10
  8435 | Abyss:2  | Reached skill level 10 in Fighting
  8435 | Abyss:2  | Reached skill level 10 in Armour
  8435 | Abyss:2  | Reached skill level 10 in Shields
  8460 | Abyss:2  | Noticed a wretched star
  8464 | Abyss:2  | Found a corrupted altar of Lugonu.
  8472 | Abyss:2  | Noticed a thrashing horror
  8472 | Abyss:2  | Noticed a thrashing horror
  8648 | D:10     | Escaped the Abyss
  8664 | D:10     | Reached skill level 10 in Axes
  8669 | D:10     | Killed a wizard
  8883 | D:10     | Noticed a catoblepas
  9004 | D:10     | Killed a catoblepas
  9153 | D:10     | Noticed a boulder beetle
  9173 | D:10     | Killed a boulder beetle
  9199 | D:10     | Noticed a cyan ugly thing
  9213 | D:10     | Killed a cyan ugly thing
  9495 | D:10     | Identified the +8 dire flail "Oxerr" {elec, +Blink rN+++
                  | Str-3 Stlth+}
  9495 | D:10     | Identified the +0 leather armour of the Good {Harm Rampage
                  | Str+3}
  9576 | D:10     | Reached XP level 12. HP: 92/110 MP: 11/11
  9660 | D:10     | Found Yfoas's Distillery.
  9671 | D:10     | Bought a potion of curing for 42 gold pieces
  9671 | D:10     | Bought a potion of curing for 42 gold pieces
  9671 | D:10     | Bought a potion of curing for 42 gold pieces
  9671 | D:10     | Bought 2 potions of resistance for 280 gold pieces
  9671 | D:10     | Bought a potion of degeneration for 14 gold pieces
 10079 | D:10     | Found a transporter.
 10159 | D:10     | Found a shimmering blue altar of Sif Muna.
 10168 | D:10     | Found a glowing silver altar of Zin.
 10268 | D:10     | Found a transporter.
 10642 | D:11     | Reached ****** piety under Okawaru
 10643 | D:11     | Reached skill level 10 in Dodging
 10848 | D:11     | Identified the +3 whip of Qiuviyqi {freeze, rF+ Will+}
 11370 | D:12     | Identified the +8 mace of Toaq {venom, rC+ Dex+3 SInv}
 11398 | D:12     | Noticed a two-headed ogre
 11403 | D:12     | Killed a two-headed ogre
 11403 | D:12     | Identified the +0 hat of the Morning Star {Int+2} (Okawaru
                  | gifted it to you on level 12 of the Dungeon)
 11403 | D:12     | Received a gift from Okawaru
 11479 | D:12     | Noticed Psyche
 11483 | D:12     | Noticed a two-headed ogre
 11488 | D:12     | Killed Psyche
 11496 | D:12     | Killed a two-headed ogre
 11509 | D:12     | Noticed Josephine
 11526 | D:12     | Killed Josephine
 11734 | D:12     | Noticed a boulder beetle
 11754 | D:12     | Killed a boulder beetle
 11764 | D:12     | Gained mutation: Your body sometimes deteriorates upon
                  | taking damage. [potion of mutation]
 11764 | D:12     | Gained mutation: You are dopey. (Int -2) [potion of
                  | mutation]
 11765 | D:12     | Lost mutation: You are dopey. (Int -2) [potion of mutation]
 11765 | D:12     | Lost mutation: Your body sometimes deteriorates upon taking
                  | damage. [potion of mutation]
 11765 | D:12     | Gained mutation: You have hidden genetic potential. [potion
                  | of mutation]
 12492 | D:13     | Noticed a death knight
 12497 | D:13     | Reached XP level 13. HP: 116/119 MP: 12/12
 12532 | D:13     | Noticed Maurice
 12549 | D:13     | Killed Maurice
 12608 | D:13     | Identified a scroll of acquirement
 12608 | D:13     | Acquired 1122 gold pieces
 12999 | D:13     | Received a gift from Okawaru
 13242 | D:13     | Noticed Lodul
 13252 | D:13     | Killed Lodul
 13386 | D:13     | Found a bloodstained altar of Trog.
 13610 | D:13     | Noticed Nessos
 13633 | D:13     | Killed Nessos
 13714 | D:13     | Found Guoso's Overcharged Wands.
 13842 | D:13     | Gained mutation: You are partially covered in iridescent
                  | scales. (AC +2) [hidden potential]
 13898 | D:13     | Found a basalt altar of Yredelemnul.
 14065 | D:13     | Found a gate to the Vaults.
 14345 | D:14     | Received a gift from Okawaru
 14810 | D:14     | Identified the +8 chain mail of Going Fast {Will+ Dex+3}
                  | (Okawaru gifted it to you on level 14 of the Dungeon)
 14810 | D:14     | Received a gift from Okawaru
 15610 | Lair:1   | Entered Level 1 of the Lair of Beasts
 16314 | Lair:1   | Reached XP level 14. HP: 125/130 MP: 13/13
 16627 | Lair:2   | Found a staircase to the Snake Pit.
 17208 | Lair:3   | Found a runed translucent gate.
 17222 | Lair:3   | Gained mutation: You are agile. (Dex +4, Str/Int -1)
                  | [hidden potential]
 17222 | Lair:3   | Lost mutation: You have hidden genetic potential. [hidden
                  | potential expressed]
 17227 | Lair:3   | Received a gift from Okawaru
 17228 | Lair:3   | Found a runed translucent gate.
 17315 | Lair:3   | Found a runed translucent gate.
 17492 | Lair:3   | Noticed MrShunz's ghost (journeyman VSBr)
 17494 | Lair:3   | Found a viscous altar of Jiyva.
 17514 | Lair:3   | Killed MrShunz's ghost
 17920 | Lair:3   | Found a staircase to the Shoals.
 18384 | Lair:4   | Identified the +3 war axe of Qaeteudasch {drain, rC+}
                  | (Okawaru gifted it to you on level 4 of the Lair of Beasts)
 18384 | Lair:4   | Received a gift from Okawaru
 19123 | Lair:5   | Entered Level 5 of the Lair of Beasts
 19128 | Lair:5   | Found a runed translucent door.
 19129 | Lair:5   | Found a viscous altar of Jiyva.
 19129 | Lair:5   | Found a staircase to the Slime Pits.
 19358 | Lair:5   | Received a gift from Okawaru
 19363 | Lair:5   | Reached XP level 15. HP: 120/139 MP: 11/14
 19375 | Lair:5   | Reached skill level 15 in Shields
 19380 | Lair:5   | Reached skill level 15 in Fighting
 19392 | Lair:5   | Reached skill level 15 in Armour
 19744 | Lair:5   | Reached skill level 15 in Axes
 20266 | Orc:1    | Entered Level 1 of the Orcish Mines
 20417 | Orc:2    | Entered Level 2 of the Orcish Mines
 20441 | Orc:1    | Identified the +1 scale mail of Okawaru's Castigation
                  | {Str+3} (Okawaru gifted it to you on level 1 of the Orcish
                  | Mines)
 20441 | Orc:1    | Received a gift from Okawaru
 20739 | Orc:2    | Noticed Saint Roka
 20764 | Orc:2    | Killed Saint Roka
 21022 | Orc:2    | Noticed Urug
 21037 | Orc:2    | Killed Urug
 21122 | Orc:2    | Found a staircase to the Elven Halls.
 21348 | Orc:2    | Found Sabao's Distillery.
 21348 | Orc:2    | Found Jounimol's Antique Armour Shop.
 21349 | Orc:2    | Found Viuwuas's General Store.
 21349 | Orc:2    | Found Kunapoish's Assorted Antiques.
 21410 | Orc:2    | Bought a fine chain mail for 247 gold pieces
 21410 | Orc:2    | Identified the +1 chain mail of Understanding {rC- rCorr
                  | Int+4} (You bought it in a shop on level 2 of the Orcish
                  | Mines)
 21412 | Orc:2    | Bought a potion of heal wounds for 75 gold pieces
 21412 | Orc:2    | Bought 2 potions of invisibility for 240 gold pieces
 21412 | Orc:2    | Bought a potion of curing for 45 gold pieces
 21412 | Orc:2    | Bought a potion of might for 60 gold pieces
 21412 | Orc:2    | Bought a potion of haste for 150 gold pieces
 21413 | Orc:2    | Bought a potion of resistance for 160 gold pieces
 21413 | Orc:2    | Bought a potion of curing for 48 gold pieces
 21414 | Orc:2    | Bought a potion of curing for 99 gold pieces
 21417 | Orc:2    | Bought a potion of enlightenment for 75 gold pieces
 21417 | Orc:2    | Bought a potion of enlightenment for 75 gold pieces
 21703 | D:15     | Entered Level 15 of the Dungeon
 21773 | D:15     | Received a gift from Okawaru
 21779 | D:15     | Found a staircase to the Depths.
 22086 | D:15     | Reached XP level 16. HP: 146/151 MP: 15/15
 22245 | D:15     | Noticed Kirke
 22253 | D:15     | Killed Kirke
 22479 | D:15     | Found a portal to a secret trove of treasure.
 22766 | D:15     | Received a gift from Okawaru
 22766 | D:15     | Found the +18 shield of the Gong {Loud rN+ Will+ rCorr
                  | EV-5}
 22931 | Snake:1  | Entered Level 1 of the Snake Pit
 24303 | Snake:1  | Identified the +2 falchion of Xygatys {pain, Drain +Blink
                  | rPois rC++}
 24336 | Snake:1  | Reached skill level 15 in Dodging
 24595 | Snake:1  | Received a gift from Okawaru
 25032 | Snake:2  | Found a flickering gateway to a bazaar.
 25038 | Snake:2  | Slain by a shock serpent

Illustrated notes

Levels and vault maps discovered:
D:1:      kilobyte_arrival_exit_the_forest, layout_rooms, minmay_split_cup_large
D:2:      layout_rooms, serial_shops, nicolae_shop_advertising_works
          [nicolae_subvault_shop_adworks], shop, shop, minmay_increasing_density
D:3:      layout_basic, old_standard_altar
D:4:      nicolae_BIG_FREAKIN_CUBE, layout_gridville, serial_co_window_serial,
          co_window_paths_a, co_window_paths_b, co_window_paths_b,
          co_window_paths_a, co_window_of_opportunity_a, co_window_corner_a,
          co_window_paths_c, co_window_2corner, co_window_broadway_b,
          co_window_of_opportunity_c, co_window_paths_d, glass_columns_a,
          glass_columns_b, glass_columns_b, glass_columns_b, glass_columns_a
D:5:      layout_rooms, ashenzari_altar_1, mainiacjoe_overflow_brackets,
          nicolae_tso_swordbearing_angel, uniq_eustachio, uniq_menkaure
D:6:      layout_basic, lemuel_doored_altar, minmay_temple_entry_large_hall
D:7:      layout_loops_ring, xom_teletrap_fun
D:8:      layout_loops_corners, tgw_kikubaaqudgha,
          gammafunk_ghost_wrathful_warriors, minmay_lizard_king
D:9:      layout_rooms, due_lair_maze_entry_diamond, hiddenorc2_lemuel
D:10:     minmay_the_grid_octo_tiled_squarecenter
          [minmay_the_grid_octo_tetromino_candy, minmay_the_grid_octo_horde,
          minmay_the_grid_octo_focus, minmay_the_grid_octo_fat_diamond,
          minmay_the_grid_square_5x5_megaprize_open,
          minmay_the_grid_square_5x5_fancy_junction,
          minmay_the_grid_square_5x5_comb,
          minmay_the_grid_square_5x5_two_walls_a,
          minmay_the_grid_square_5x5_lines], layout_loops_ring,
          mainiacjoe_overflow_swirl, serial_shops, shop, nicolae_diode_stairs
D:11:     layout_loops_ring
D:12:     layout_roguey, minmay_fractal_squares_5, uniq_psyche, uniq_josephine
D:13:     layout_long_grid, david_vaults_4, hangedman_feature_mirror,
          serial_bayou_pond_e, nicolae_shop_overcharged_wands, uniq_nessos,
          uniq_lodul, uniq_maurice
D:14:     layout_cave_pods, portal_ice_cave_entry_ice_statue_one
D:15:     gammafunk_depths_entry_grave, layout_grid_maze,
          minmay_misc_feat_square, nicolae_trove_entry_diagonal, uniq_kirke
Temple:   hellmonk_temple_divided_pantheon
Lair:1:   layout_layer_cave, serial_bayou_pond_c, kennysheep_rathole,
          infiniplex_staircase_pool
Lair:2:   layout_roguey [special_room_bee], minmay_snake_entry_guardpost_small,
          serial_bayou_pond_c
Lair:3:   layout_gridlike, minmay_shoals_entry_lonely_mermaid,
          gammafunk_ghost_ooze, grunt_megastairs_4
Lair:4:   layout_small_grid
Lair:5:   gammafunk_lair_ancient_temple, layout_long_grid, slime_entry_2,
          lemuel_fruit_fields
Snake:1:  layout_rooms, nicolae_snake_snakewalk, serial_bayou_shore_a
Snake:2:  layout_rooms, serial_shops, bzr_entry_dummy, grunt_megastairs_5,
          minmay_shoptagon
Orc:1:    layout_caves
Orc:2:    st_orc_ogre_mass, layout_diamond_mine, uniq_urug, uniq_saint_roka

Skill      XL: |  1  2  3  4  5  6  7  8  9 10 11 12 13 14 15 16 |
---------------+-------------------------------------------------+-----
Dodging        | 1 2 3 4 5 6 8 9 10 12 13 14 15 | 15.3
Shields        | 4 5 6 7 8 9 11 12 13 14 16 17 | 17.0
Axes           | 3 4 5 6 8 9 10 12 13 14 15 16 | 16.8
Fighting       | 4 5 6 7 8 9 11 12 13 14 16 17 | 17.0
Armour         | 4 5 6 7 8 9 11 12 13 14 16 17 | 17.0

Action                     |  1- 3 |  4- 6 |  7- 9 | 10-12 | 13-15 | 16-18 || total
---------------------------+-------+-------+-------+-------+-------+-------++-------
  Melee: War axe           |    76 |   104 |   246 |   617 |    77 |       ||  1120
         Headbutt          |    11 |    14 |    45 |   141 |   213 |    68 ||   492
         Broad axe         |       |       |       |       |   843 |   282 ||  1125
 Invoke: Heroism           |       |       |       |       |     5 |     2 ||     7
  Evoke: Wand              |       |       |       |       |     3 |       ||     3
         Condenser vane    |       |       |       |       |     1 |       ||     1
    Use: Scroll            |     3 |     7 |     6 |    14 |    10 |     2 ||    42
         Potion            |       |     2 |       |     6 |    12 |     9 ||    29
   Stab: Distracted        |       |       |       |     1 |       |       ||     1
         Invisible         |       |       |       |       |    10 |       ||    10
 Armour: Scale mail        |    73 |    95 |   197 |   520 |   245 |       ||  1130
         Chain mail        |       |       |       |       |   399 |   216 ||   615
  Dodge: Dodged            |    47 |    54 |   123 |   454 |   630 |   293 ||  1601
  Block: Buckler           |    16 |    24 |    51 |   206 |   378 |   159 ||   834

Table legend: (Time is in decaauts)
 A = Elapsed time spent in this place.
 B = Non-inter-level travel time spent in this place.
 C = Inter-level travel time spent in this place.
 D = Time resting spent in this place.
 E = Time spent auto-exploring this place.
 F = Levels seen in this place.
 G = Mean time per level.
                   A        B        C        D        E       F      G
               +--------+--------+--------+--------+--------+-----+--------+
         Total |  25023 |  23790 |   1233 |   1549 |  17616 |  27 |  926.8 |
       Dungeon |  16723 |  15871 |    852 |   1354 |  11545 |  15 | 1114.9 |
        Temple |     19 |     11 |      8 |      0 |      0 |   1 |   19.0 |
          Lair |   4872 |   4582 |    290 |    182 |   3506 |   5 |  974.4 |
     Snake Pit |   1792 |   1761 |     31 |     13 |   1350 |   2 |  896.0 |
  Orcish Mines |   1285 |   1235 |     50 |      0 |    995 |   2 |  642.5 |
         Abyss |    329 |    329 |      0 |      0 |    218 |   2 |  164.5 |
               +--------+--------+--------+--------+--------+-----+--------+

Top non-repeatable levels by time:
    D:10: 1858 daAuts
     D:8: 1855 daAuts
    D:12: 1773 daAuts
 Snake:1: 1719 daAuts
    D:13: 1581 daAuts
    D:14: 1158 daAuts
    D:15: 1089 daAuts
  Lair:5: 1079 daAuts
  Lair:3: 1062 daAuts
  Lair:4: 1033 daAuts
     D:4: 1002 daAuts
   Orc:2: 948 daAuts
     D:7: 929 daAuts
  Lair:2: 911 daAuts
     D:6: 861 daAuts
